 Dungeon Crawl Stone Soup version 0.18-a0-844-g9229740 (webtiles) character file.

79 Raultor the Skirmisher (level 4, 27/35 HPs)
             Began as a Demonspawn Fighter on Dec 18, 2015.
             Was an Initiate of Makhleb.
             Quit the game on level 2 of the Dungeon.
             The game lasted 00:04:42 (1654 turns).

Raultor the Skirmisher (Demonspawn Fighter)         Turns: 1654, Time: 00:04:42

Health: 27/35      AC:  6    Str: 18    XL:     4   Next: 17%
Magic:  5/5        EV:  7    Int:  9    God:    Makhleb [......]
Gold:   128        SH:  9    Dex: 12    Spells: 0 memorised, 3 levels left

rFire  . . .     SeeInvis .     a - +0 flail
rCold  . . .     Gourm    .     b - +0 scale mail
rNeg   . . .     Faith    .     c - +0 shield
rPois  .         Spirit   .     (helmet restricted)
rElec  .         Dismiss  .     (no cloak)
rCorr  .         Reflect  .     (no gloves)
SustAt .         Harm     .     (no boots)
MR     .....                    (no amulet)
Stlth  ..........               (no ring)
                                (no ring)

@: mildly poisoned (27 -> 21), not resistant to hostile enchantments, extremely
unstealthy
A: antennae 1, spiny 1
a: Renounce Religion


You were on level 2 of the Dungeon.
You worshipped Makhleb.
Makhleb was noncommittal.
You were hungry.

You visited 1 branch of the dungeon, and saw 2 of its levels.

You collected 128 gold pieces.

Inventory:

Hand Weapons
 a - a +0 flail (weapon)
 g - a +0 whip
   (You found it on level 1 of the Dungeon)
Armour
 b - a +0 scale mail (worn)
 c - a +0 shield (worn)
 e - a +0 helmet
   (You found it on level 1 of the Dungeon)
Scrolls
 i - 3 scrolls of identify {unknown}
 k - 2 scrolls of fear {unknown}
 n - a scroll of noise {unknown}
 o - a scroll of enchant weapon {unknown}
 r - a scroll of random uselessness {unknown}
Potions
 h - a potion of degeneration {unknown}
 l - a potion of agility {unknown}
 m - 3 potions of curing {unknown}
 q - a potion of lignification {unknown}
Comestibles
 f - a bread ration {@e1}
 j - a meat ration {@e2}
 p - a beef jerky


   Skills:
 + Level 3.5 Fighting
 * Level 2.7 Maces & Flails
 + Level 3.0 Armour
 + Level 3.1 Shields
 + Level 1.6 Invocations


You had 3 spell levels left.
You didn't know any spells.

Dungeon Overview and Level Annotations

Branches:
Dungeon (2/15)

Altars:
Makhleb


Innate Abilities, Weirdness & Mutations

You have a pair of small antennae on your head.
You are partially covered in sharp spines.


Message History

No target in view!
No target in view!
You see here a bat corpse.
You butcher the bat corpse.
d - 4 chunks of flesh {@w0} (gained 1)
You see here a bat skeleton.
Eating one of 4 chunks of flesh {@w0}.
You continue eating. x2
You open the door.
There is an open door here.
Some of the chunks of flesh in your inventory have rotted away.
q - a sedimented dark potion Some of the chunks of flesh in your inventory have rotted away.
Found a stone staircase leading down.
There is a stone staircase leading down here.
There is a stone staircase leading down here.
You see here 15 stones.
r - a scroll labeled WEVEGE UCWEXI You open the door.
There is an open door here.
A hobgoblin comes into view. It is wielding a club.
The hobgoblin shouts!
You block the hobgoblin's attack.
Your shield and scale mail prevent you from hitting the hobgoblin.
You hit the hobgoblin but do no damage. You block the hobgoblin's attack.
You closely miss the hobgoblin.
The hobgoblin hits you but does no damage.
You hit the hobgoblin. You block the hobgoblin's attack.
Your shield and scale mail prevent you from hitting the hobgoblin.
You block the hobgoblin's attack.
You hit the hobgoblin.
You kill the hobgoblin!
Makhleb accepts your kill.
No target in view!
There is an escape hatch in the ceiling here.
A kobold comes into view.
The kobold shouts!
The kobold hits you.
You take 2 damage, and have 27/29 hp.
You hit the kobold. You block the kobold's attack.
You hit the kobold.
You kill the kobold!
Makhleb accepts your kill.
No target in view!
No target in view!
Found a stone staircase leading down.
There is a stone staircase leading down here.
All of the chunks of flesh in your inventory have rotted away.
You see here 18 bolts.
You see here 18 bolts.
Partly explored, can't reach some places.
Health restored: 29 Partly explored, can't reach some places.
You hit the fungus. You hit the fungus. You hit the fungus. You hit the fungus.
You hit the fungus but do no damage. You hit the fungus but do no damage.
You hit the fungus. You hit the fungus. You hit the fungus. You hit the fungus.
You hit the fungus. You hit the fungus. You hit the fungus.
You are feeling hungry.
You hit the fungus. You hit the fungus. You hit the fungus.
You hit the fungus but do no damage. You hit the fungus.
You destroy the fungus!
Wield which item (- for none, * to show all)? (? for menu, Esc to quit)
a - a +0 flail (weapon)
Crazy Yiuf the Enlightened comes into view.
He is wielding a quarterstaff of chaos.
Crazy Yiuf shouts!
Crazy Yiuf moves out of view.
You hit Crazy Yiuf.
Crazy Yiuf screams, "Ghoul koolooloo seventy!"
You block Crazy Yiuf's attack.
You closely miss Crazy Yiuf. Crazy Yiuf hits you but does no damage.
You closely miss Crazy Yiuf. You block Crazy Yiuf's attack.
You hit Crazy Yiuf but do no damage.
Crazy Yiuf hits you with a quarterstaff of chaos.
You are poisoned.
You take 3 damage, and have 26/29 hp.
You hit Crazy Yiuf.
You feel sick. Crazy Yiuf barely misses you. Crazy Yiuf barely misses you.
You take 2 damage, and have 24/29 hp.
You sock Crazy Yiuf!
You feel sick. You block Crazy Yiuf's attack.
You take 1 damage, and have 23/29 hp.
You hit Crazy Yiuf.
You kill Crazy Yiuf!
Makhleb accepts your kill.
You have reached level 4!
You feel stronger.
Your demonic ancestry asserts itself...
Sharp spines emerge from parts of your body.
You regained 4 hp, and now have 27/35 hp.
MP restored: 5

#......# #.......... #.####.#
### #.######### #.# ### .)# #.#
#.###### ..# #.#########
#>.....# .. #.......... ##.....#
.# ########### #.....# ♣♣)♣
####### # ######.....# ♣@♣
#.....# # #..(.......# ♣♣.♣
##.....# # #.####.##### ♣.♣♣
#......# # #.# #.....# ♣♣.♣♣
#......#### #.# #.....# ♣.PP♣♣
#....#..... #.# ##.....# ♣.♣PP♣
#....#...[. #.###......# #....#
#..[.#.....
#.........#####..#####....#.....


There were no monsters in sight!

Vanquished Creatures
  Crazy Yiuf (D:2)
  Terence (D:2)
  A worm (D:2)
  2 giant cockroaches (D:1)
  4 hobgoblins
  6 bats
  3 giant newts (D:1)
  5 goblins
  2 kobolds
  2 rats
  A fungus (D:2)
28 creatures vanquished.

Notes
Turn   | Place    | Note
--------------------------------------------------------------
     0 | D:1      | Raultor the Demonspawn Fighter began the quest for the Orb.
     0 | D:1      | Reached XP level 1. HP: 18/18 MP: 1/1
   133 | D:1      | Reached skill level 2 in Maces & Flails
   370 | D:1      | Gained mutation: You have a pair of small antennae on your head. [demonic ancestry]
   370 | D:1      | Reached XP level 2. HP: 24/24 MP: 2/2
   772 | D:2      | Found a burning altar of Makhleb.
   815 | D:2      | Became a worshipper of Makhleb the Destroyer
   921 | D:2      | Reached skill level 3 in Shields
  1145 | D:2      | Noticed Terence
  1164 | D:2      | Killed Terence
  1164 | D:2      | Reached skill level 3 in Armour
  1164 | D:2      | Reached skill level 1 in Invocations
  1164 | D:2      | Reached XP level 3. HP: 19/29 MP: 3/3
  1643 | D:2      | Noticed Crazy Yiuf
  1653 | D:2      | Killed Crazy Yiuf
  1653 | D:2      | Gained mutation: You are partially covered in sharp spines. [demonic ancestry]
  1653 | D:2      | Reached XP level 4. HP: 27/35 MP: 5/5
  1654 | D:2      | Quit the game

Vault maps used:
D:1:      dpeg_arrival_brainrot
D:2:      lemuel_doored_altar, uniq_crazy_yiuf_cottage, uniq_terence

Action                   |  1- 3 |  4- 6 || total
-------------------------+-------+-------++-------
Melee: Whip              |   164 |       ||   164
       Flail             |     7 |       ||     7
  Use: Potion            |     1 |       ||     1
  Eat: Chunk             |     2 |       ||     2

Vault maps used:
D:1:      dpeg_arrival_brainrot
D:2:      lemuel_doored_altar, uniq_crazy_yiuf_cottage, uniq_terence

Table legend:
 A = Turns spent in this place as a percentage of turns spent in the entire game.
 B = Non-inter-level travel turns spent in this place as a percentage of non-inter-level travel turns spent in the entire game.
 C = Inter-level travel turns spent in this place as a percentage of turns spent in this place.
 D = Turns resting spent in this place as a percentage of non-inter-level travel turns spent in this place.
 E = Turns spent auto-exploring this place as a percentage of non-inter-level travel turns spent in this place.
 F = Non-inter-level travel turns spent in this place divided by the number of levels of this place that you've seen.
                   A       B       C       D       E      F
               +-------+-------+-------+-------+-------+----------------------
         Total | 100.0 | 100.0 |   0.7 |   1.0 |  12.8 | 203.0
       Dungeon | 100.0 | 100.0 |   0.7 |   1.0 |  12.8 | 203.0
               +-------+-------+-------+-------+-------+----------------------

Table legend:
 A = Kills in this place as a percentage of kills in entire the game.
 B = Kills by you in this place as a percentage of kills by you in the entire game.
 C = Kills by friends in this place as a percentage of kills by friends in the entire game.
 D = Other kills in this place as a percentage of other kills in the entire game.
 E = Experience gained in this place as a percentage of experience gained in the entire game.
 F = Experience gained in this place divided by the number of levels of this place that you have seen.
                   A       B       C       D       E      F
               +-------+-------+-------+-------+-------+----------------------
         Total | 100.0 | 100.0 |  -nan |  -nan | 100.0 |  57.0
       Dungeon | 100.0 | 100.0 |  -nan |  -nan | 100.0 |  57.0
               +-------+-------+-------+-------+-------+----------------------
